 Dungeon Crawl Stone Soup version 0.26-a0-1147-g3780a7a11b (webtiles) character file.

Game seed: 18368919762978883128

1426 sokol815 the Carver (level 8, 0/52 HPs)
             Began as an Octopode Delver on Dec 22, 2020.
             Was a Follower of Okawaru.
             Slain by a gnoll
             ... wielding a +0 spear
              (4 damage)
             ... on level 7 of the Dungeon.
             The game lasted 00:15:41 (7971 turns).

sokol815 the Carver (Octopode Delver)               Turns: 7971, Time: 00:15:42

Health: 0/52       AC:  1    Str: 11    XL:     8   Next: 72%
Magic:  7/8        EV: 13    Int: 13    God:    Okawaru [*.....]
Gold:   515        SH:  0    Dex: 15    Spells: 5/7 levels left

rFire    . . .     SeeInvis .   a - +0 falchion
rCold    . . .     Faith    +   (no shield)
rNeg     + . .     Spirit   .   (helmet restricted)
rPois    +         Reflect  .   w - amulet of faith {Faith, !P}
rElec    .         Harm     .   A - ring of poison resistance {rPois, !d}
rCorr    .         Rampage  .   z - ring of positive energy {rN+}
Will     .....     Clarity  +   (no ring)
Stlth    ++++......             (no ring)
HPRegen  0.17/turn              (no ring)
MPRegen  0.11/turn              (no ring)
                                (no ring)
                                (no ring)

@: no status effects
A: almost no armour, stealthy swim, amphibious, 8 rings, constrict 8, camouflage
1, clarity, gelatinous body 1, MP-powered wands
a: Renounce Religion, Heroism


You were on level 7 of the Dungeon.
You worshipped Okawaru.
Okawaru was aware of your devotion.
You visited 2 branches of the dungeon, and saw 8 of its levels.

You collected 515 gold pieces.

Inventory:

Hand Weapons
 a - a +0 falchion (weapon)
 c - a +0 hunting sling
   (You took it off a goblin on level 3 of the Dungeon)
 C - a +4 dagger
   (You took it off an orc wizard on level 4 of the Dungeon)
 F - a +2 short sword of protection
   (You took it off a kobold on level 4 of the Dungeon)
 G - a +0 trident
   (You took it off an orc on level 5 of the Dungeon)
Missiles
 j - 190 stones (quivered)
 m - 114 bolts
 n - 7 silver javelins {=f}
 p - 47 sling bullets
 y - 3 boomerangs of dispersal {=f}
 D - 5 boomerangs
Magical Staves
 o - an uncursed staff of air {rElec}
   (You found it on level 6 of the Dungeon)
Jewellery
 w - an amulet of faith (around mantle) {Faith, !P}
   (You found it on level 3 of the Dungeon)
 z - a ring of positive energy (right tentacle) {rN+}
   (You found it on level 5 of the Dungeon)
 A - a ring of poison resistance (left tentacle) {rPois, !d}
   (You found it on level 4 of the Dungeon)
Wands
 f - a wand of digging (3)
 H - a wand of random effects (23)
   (You found it on level 5 of the Dungeon)
Scrolls
 b - a scroll of fog
 d - 4 scrolls of fear
 g - 5 scrolls of remove curse {unknown}
 h - 4 scrolls of teleportation {unknown}
 i - 2 scrolls of magic mapping {!r}
 k - 4 scrolls of enchant armour {unknown}
 q - 3 scrolls of blinking {unknown}
 v - 3 scrolls of enchant weapon {unknown}
 x - 3 scrolls of identify
 E - a scroll of amnesia {unknown}
Potions
 e - 3 potions of haste
 r - a potion of brilliance
 s - a potion of attraction {unknown}
 t - a potion of invisibility
 u - 3 potions of flight
 B - a potion of cancellation {unknown}


   Skills:
 - Level 3.0 Fighting
 + Level 9.8 Long Blades
 - Level 2.0 Dodging
 - Level 6.6 Stealth
 - Level 4.0 Translocations


You had 5 spell levels left.
You knew the following spells:

 Your Spells              Type           Power        Failure   Level
b - Blink                 Tloc           N/A          9%          2

Your spell library contained the following spells:

 Spells                   Type           Power        Failure   Level
 Magic Dart               Conj           0%           30%         1
 Call Imp                 Summ           0%           43%         2
 Slow                     Hex            0%           43%         2
 Conjure Flame            Conj/Fire      0%           67%         3
 Mephitic Cloud           Conj/Pois/Air  0%           67%         3


Dungeon Overview and Level Annotations

Branches:
Dungeon (7/15)             Temple (1/1) D:4

Altars:
Ashenzari
Cheibriados
Elyvilon
Fedhas
Hepliaklqana
Kikubaaqudgha
Makhleb
Nemelex Xobeh
Okawaru
Qazlal
Ru
Sif Muna
Trog
Uskayaw
Wu Jian
Xom
Yredelemnul
Zin
The Shining One

Annotations:
D:4 exclusion: phantom
D:5 1 runed translucent door, Menkaure; aardvark's ghost, novice OpTm


Innate Abilities, Weirdness & Mutations

You cannot wear most types of armour.
You are very stealthy in the water. (Stealth+)
You are amphibious.
You can wear up to eight rings at the same time.
You can use your tentacles to constrict eight enemies at once.
Your skin changes colour to match your surroundings (Stealth+).
Your rubbery body absorbs attacks. (AC +1, EV +1)
You possess an exceptional clarity of mind.
You expend magic power (3 MP) to strengthen your wands.


Message History

You take 5 damage, and have 47/52 hp.
The gnoll shouts! x2
You hit the orc priest. You grab the orc priest. You constrict the orc priest.
The orc priest hits you.
You take 5 damage, and have 42/52 hp.
You hit the orc priest. You constrict the orc priest. You hit the orc priest.
You constrict the orc priest.
You kill the orc priest!
Okawaru accepts your kill. The adder bites you.
You are poisoned.
The adder poisons you!
You take 5 damage, and have 38/52 hp.
You feel sick.
The orc wizard gestures at you while chanting.
The magic dart hits you.
You take 7 damage, and have 31/52 hp.
You gain the combat prowess of a mighty hero.
The adder closely misses you.
You riposte.
You slash the adder!
You kill the adder!
Okawaru accepts your kill.
The orc wizard casts a spell.
The orc wizard seems to speed up.
The gnoll throws a throwing net.
The throwing net barely misses you.
You now have 6/8 mp.
You feel sick. The gnoll misses you.
The orc wizard hits you with a +0 dagger.
You take 2 damage, and have 29/52 hp.
You miss the orc wizard. You grab the orc wizard. You constrict the orc wizard.
The orc closely misses you. The gnoll closely misses you.
The orc wizard barely misses you.
You riposte.
You hit the orc wizard.
You hit the orc wizard but do no damage.
You squeeze the orc wizard, but do no damage.
You constrict the orc wizard. The gnoll hits you but does no damage.
You hit the orc wizard. You constrict the orc wizard.
You kill the orc wizard!
Okawaru accepts your kill. The orc misses you.
You riposte.
You slash the orc!
You kill the orc!
Okawaru accepts your kill. The gnoll misses you.
You riposte.
You hit the gnoll but do no damage. Your grab misses the gnoll.
You squeeze the gnoll. The gnoll closely misses you. x2
You see here a +0 club.
You hit the gnoll shaman. Your grab misses the gnoll shaman.
You feel sick. The gnoll closely misses you.
The gnoll hits you with a +0 flail!
You take 11 damage, and have 19/52 hp.
MASSIVE DAMAGE!!
You barely miss the gnoll shaman. Your grab misses the gnoll shaman.
You squeeze the gnoll shaman.
The gnoll closely misses you. x2; You riposte.
You hit the gnoll. Your grab misses the gnoll. Your squeeze misses the gnoll.
You barely miss the gnoll shaman. You grab the gnoll shaman.
You constrict the gnoll shaman. The gnoll hits you with a +0 flail.
* * * LOW HITPOINT WARNING * * *
The gnoll shaman calls upon its god to heal the gnoll.
The gnoll is healed somewhat.
The gnoll barely misses you.
You take 6 damage, and have 13/52 hp.
You feel better.
You constrict the gnoll shaman. The gnoll closely misses you. x2
The gnoll shaman calls upon its god to heal the gnoll.
The gnoll's wounds heal themselves!
The gnoll misses you.
You regained 11 hp, and now have 24/52 hp.
You hit the gnoll but do no damage. You grab the gnoll.
You constrict the gnoll shaman.
You constrict the gnoll, but do no damage.
The gnoll hits you with a +0 spear.
You take 4 damage, and have 20/52 hp.
You hit the gnoll shaman. You constrict the gnoll shaman.
You constrict the gnoll, but do no damage.
The gnoll shaman hits you with a +0 long sword!
* * * LOW HITPOINT WARNING * * *
The gnoll completely misses you. The gnoll misses you.
You riposte.
You hit the gnoll. You grab the gnoll.
You take 9 damage, and have 11/52 hp.
You feel better.
You constrict the gnoll shaman. You constrict the gnoll. x2
The gnoll hits you with a +0 spear.
* * * LOW HITPOINT WARNING * * *
The gnoll hits you from afar with a +0 spear.
* * * LOW HITPOINT WARNING * * *
The gnoll shaman hits you with a +0 long sword.
* * * LOW HITPOINT WARNING * * *
You take 6 damage, and have 5/52 hp.
You feel better.
You feel like a meek peon again.
You constrict the gnoll shaman.
You kill the gnoll shaman!
Okawaru accepts your kill.
You constrict the gnoll. x2; The gnoll misses you.
The gnoll hits you with a +0 flail!
* * * LOW HITPOINT WARNING * * *
The gnoll misses you.
You take 4 damage, and have 1/52 hp.
You release your grip on the gnoll. x2; The gnoll closely misses you.
The gnoll throws a throwing net.
The throwing net barely misses you.
You feel better.
The gnoll hits you from afar with a +0 spear.
* * * LOW HITPOINT WARNING * * *
You feel better. The gnoll hits you with a +0 flail.
* * * LOW HITPOINT WARNING * * *
The gnoll hits you from afar with a +0 spear.
You die...

#.# ..... ###.###
.#.#. #
#.....#...... ..
#.####.#.#.#..#.#.
..S
#.#.......).......
....
#......#.#g...#.#.
...#
#.......g)#......
...# #......g###
#.#.# .l..
###......@#####...
###.
..'..(.............
#.......########
#...#.#.#####
#.(..........
#...#.#...###
###.....#...#
###.#.#.#..
##...#.####


You could see 3 gnolls.

Vanquished Creatures
  A necrophage (D:5)
  An ogre (D:5)
  2 centaurs
  A big kobold (D:4)
  2 bullfrogs
  A scorpion (D:7)
  A water moccasin skeleton (D:5)
  2 howler monkeys
  A bullfrog zombie (D:5)
  2 hounds (D:4)
  3 orc priests
  A gnoll shaman (D:7)
  2 bullfrog skeletons
  A centaur skeleton (D:4)
  5 orc wizards
  2 iguanas (D:4)
  2 worker ants
  A gnoll (D:7)
  8 adders
  An ufetubus (D:6)
  An ooze (D:2)
  A worm (D:2)
  3 dart slugs
  3 leopard geckos
  15 orcs
  A ball python (D:1)
  11 bats
  5 giant cockroaches
  13 goblins
  9 hobgoblins
  4 jackals
  30 kobolds
  3 quokkas
  A frilled lizard (D:2)
  11 rats
151 creatures vanquished.

Vanquished Creatures (others)
  18 plants (D:4)
18 creatures vanquished.

Grand Total: 169 creatures vanquished

Notes
Turn   | Place    | Note
-------+----------+-------------------------------------------
     0 | D:5      | sokol815 the Octopode Delver began the quest for the Orb.
     0 | D:5      | Reached XP level 1. HP: 16/16 MP: 1/1
   128 | D:2      | Reached XP level 2. HP: 13/21 MP: 2/2
   184 | D:2      | Reached skill level 3 in Long Blades
   248 | D:2      | Reached XP level 3. HP: 21/26 MP: 3/3
   799 | D:1      | Reached skill level 4 in Long Blades
  1032 | D:1      | Reached XP level 4. HP: 31/31 MP: 4/4
  1339 | D:2      | Gained mutation: You have an increased reservoir of magic.
                  | (+10% MP) [potion of mutation]
  1339 | D:2      | Lost mutation: You have an increased reservoir of magic.
                  | (+10% MP) [potion of mutation]
  1339 | D:2      | Gained mutation: You possess an exceptional clarity of
                  | mind. [potion of mutation]
  1339 | D:2      | Gained mutation: You expend magic power (3 MP) to
                  | strengthen your wands. [potion of mutation]
  2440 | D:3      | Reached skill level 5 in Long Blades
  2442 | D:3      | Reached XP level 5. HP: 28/36 MP: 5/5
  3057 | D:4      | Reached skill level 6 in Long Blades
  3283 | D:4      | Reached XP level 6. HP: 42/42 MP: 6/6
  3316 | D:4      | You fall into a shaft and drop 3 floors!
  3738 | D:5      | Found a broken altar of Ashenzari.
  3797 | D:4      | Noticed a phantom
  3817 | D:4      | Reached skill level 7 in Long Blades
  4098 | D:4      | Reached XP level 7. HP: 44/46 MP: 7/7
  4398 | D:4      | Found a staircase to the Ecumenical Temple.
  4404 | Temple   | Entered the Ecumenical Temple
  4555 | Temple   | Became a worshipper of Warmaster Okawaru
  4972 | D:4      | Reached skill level 8 in Long Blades
  5333 | D:5      | Learned a level 2 spell: Blink
  5358 | D:5      | Reached skill level 1 in Translocations
  5699 | D:5      | Noticed Menkaure
  5821 | D:5      | Reached * piety under Okawaru
  5822 | D:5      | Reached skill level 2 in Translocations
  5822 | D:5      | Reached XP level 8. HP: 52/52 MP: 8/8
  5885 | D:5      | Found a runed translucent door.
  5885 | D:5      | Noticed aardvark's ghost (novice OpTm)
  5964 | D:5      | Reached skill level 3 in Translocations
  6928 | D:6      | HP: 10/52 [orc wizard/magic dart (7)]
  6932 | D:6      | Reached skill level 4 in Translocations
  6934 | D:6      | Reached skill level 9 in Long Blades
  6934 | D:6      | HP: 12/52 [orc wizard/magic dart (10)]
  7961 | D:7      | HP: 13/52 [gnoll/+0 flail (6)]
  7965 | D:7      | HP: 5/52 [gnoll shaman/+0 long sword (5)]
  7966 | D:7      | HP: 1/52 [gnoll/+0 flail (10)]
  7971 | D:7      | HP: 4/52 [gnoll/+0 flail (3)]
  7971 | D:7      | Slain by a gnoll

Illustrated notes

Levels and vault maps discovered:
D:1:      dpeg_arrival_pits, layout_loops_cross, minmay_rat_gold_closets
D:2:      layout_basic
D:3:      layout_basic
D:4:      kennysheep_kobold_camp, layout_loops_ring, temple_statues
D:5:      layout_loops_cross, ebering_ghost_reflecting_pool, basic_altar,
          uniq_menkaure
D:6:      layout_gridville
D:7:      minmay_chambers_of_sixes, layout_basic, grunt_temple_overflow_open,
          serial_co_window_serial, co_window_paths_a, co_window_paths_b,
          co_window_paths_a, co_window_paths_a, co_window_paths_a,
          co_window_of_opportunity_b, co_window_unsneaky_path_c,
          co_window_unsneaky_path_d, co_window_unsneaky_path_c,
          co_window_corner_cb, glass_columns_c, glass_columns_a,
          glass_columns_c, glass_columns_a, glass_columns_a, serial_shops,
          nicolae_shop_statue_plus
Temple:   regret_index_temple_mists

Skill      XL: |  1  2  3  4  5  6  7  8 |
---------------+-------------------------+-----
Long Blades    | 3 4 5 6 7 8 9 |  9.8
Translocations | 2 4 |  4.0
Fighting       | |  3.0
Dodging        | |  2.0
Stealth        | |  6.6

Action                   |  1- 3 |  4- 6 |  7- 9 || total
-------------------------+-------+-------+-------++-------
Melee: Falchion          |    36 |    76 |   137 ||   249
       Tentacles         |     8 |    17 |    45 ||    70
       Constrict         |     8 |    22 |    41 ||    71
       Dagger            |       |       |     1 ||     1
 Fire: Hunting sling     |    53 |    61 |    41 ||   155
Throw: Stone             |    22 |    67 |    69 ||   158
       Javelin           |       |       |     3 ||     3
Invok: Heroism           |       |       |     2 ||     2
  Use: Scroll            |       |     9 |       ||     9
       Potion            |       |     1 |     7 ||     8
 Stab: Sleeping          |     1 |     1 |     1 ||     3
       Invisible         |       |       |     2 ||     2
Armor: Skin              |     3 |     5 |     5 ||    13
Dodge: Dodged            |    24 |    37 |   102 ||   163
       Rpst.: Falchion   |     5 |     9 |    20 ||    34

Table legend: (Time is in decaauts)
 A = Elapsed time spent in this place.
 B = Non-inter-level travel time spent in this place.
 C = Inter-level travel time spent in this place.
 D = Time resting spent in this place.
 E = Time spent auto-exploring this place.
 F = Levels seen in this place.
 G = Mean time per level.
                   A        B        C        D        E       F      G
               +--------+--------+--------+--------+--------+-----+--------+
         Total |   7979 |   7684 |    295 |   1694 |   4826 |   8 |  997.4 |
       Dungeon |   7812 |   7552 |    260 |   1694 |   4696 |   7 | 1116.0 |
        Temple |    166 |    131 |     35 |      0 |    130 |   1 |  166.0 |
               +--------+--------+--------+--------+--------+-----+--------+

Top non-repeatable levels by time:
     D:4: 1959 daAuts
     D:6: 1580 daAuts
     D:5: 1155 daAuts
     D:2: 995 daAuts
     D:1: 950 daAuts
     D:3: 783 daAuts
     D:7: 389 daAuts
  Temple: 166 daAuts

Table legend:
 A = Kills in this place as a percentage of kills in entire the game.
 B = Kills by you in this place as a percentage of kills by you in the entire game.
 C = Kills by friends in this place as a percentage of kills by friends in the entire game.
 D = Other kills in this place as a percentage of other kills in the entire game.
 E = Experience gained in this place as a percentage of experience gained in the entire game.
 F = Experience gained in this place divided by the number of levels of this place that you have seen.
                   A       B       C       D       E      F
               +-------+-------+-------+-------+-------+----------------------
         Total | 100.0 | 100.0 |   N/A |   N/A | 100.0 | 254.8
       Dungeon | 100.0 | 100.0 |   N/A |   N/A | 100.0 | 291.1
               +-------+-------+-------+-------+-------+----------------------
